 Dungeon Crawl Stone Soup version 0.27.1-33-g824d729ab1 (webtiles) character file.

Game seed: 1493753636841817436

828 safid the Cleaver (level 7, -2/88 HPs)
             Began as a Hill Orc Fighter on Dec 21, 2021.
             Slain by a centaur (8 damage)
             ... on level 5 of the Dungeon.
             The game lasted 00:08:30 (6027 turns).

safid the Cleaver (Hill Orc Fighter)                Turns: 6027, Time: 00:08:32

Health: -2/88      AC:  9    Str: 21    XL:     7   Next: 97%
Magic:  7/7        EV:  8    Int:  8    God:
Gold:   326        SH: 10    Dex: 10    Spells: 6/6 levels left

rFire    + . .     SeeInvis .   a - +0 war axe
rCold    + . .     Faith    .   c - +0 kite shield
rNeg     . . .     Spirit   .   b - +0 scale mail
rPois    .         Reflect  .   (no helmet)
rElec    .         Harm     .   f - scarf {rC+ rF+}
rCorr    .         Rampage  .   (no gloves)
Will     .....                  u - +0 pair of boots
Stlth    ..........             (no amulet)
HPRegen  0.24/turn              (no ring)
MPRegen  0.10/turn              (no ring)

@: berserking, very quick
A: shaggy fur 1
a: no special abilities


You were on level 5 of the Dungeon.
You visited 2 branches of the dungeon, and saw 6 of its levels.

You collected 326 gold pieces.

Inventory:

Hand Weapons
 a - a +0 war axe (weapon)
Missiles
 q - 14 poisoned darts (quivered)
Armour
 b - a +0 scale mail (worn)
 c - a +0 kite shield (worn)
 f - a scarf of resistance (worn)
 u - a +0 pair of boots (worn)
Scrolls
 g - a scroll of fog {unknown}
 h - 3 scrolls of noise {unknown}
 j - 2 scrolls of immolation {unknown}
 m - a scroll of enchant armour {unknown}
 n - 4 scrolls of fear {unknown}
 s - a scroll of vulnerability {unknown}
 t - a scroll of identify {unknown}
Potions
 d - a potion of might
 e - a potion of berserk rage
 i - a potion of mutation
 k - a potion of flight {unknown}
 l - a potion of curing
 o - a potion of resistance {unknown}
 p - a potion of heal wounds {unknown}
 r - a potion of brilliance {unknown}


   Skills:
 - Level 4.0 Fighting
 + Level 8.1 Axes
 - Level 4.0 Armour
 + Level 7.2 Shields


You had 6 spell levels left.
You didn't know any spells.
Your spell library contained the following spells:

 Spells                   Type           Power      Damage    Failure   Level
 Passwall                 Tmut/Erth      0%         N/A       99%         2
 Swiftness                Air            0%         N/A       100%        3
 Invisibility             Hex            0%         N/A       100%        6


Dungeon Overview and Level Annotations

Branches:
Dungeon (5/15)             Temple (1/1) D:4

Altars:
Ashenzari
Cheibriados
Elyvilon
Gozag
Hepliaklqana
Makhleb
Nemelex Xobeh
Okawaru
Qazlal
Ru
Uskayaw
Wu Jian
Yredelemnul
Zin
The Shining One

Annotations:
D:3 3 runed translucent doors, Flarelocke's ghost, amateur HuFi


Innate Abilities, Weirdness & Mutations

You are covered in fur. (AC +1)


Message History

The centaur kicks you. The centaur hits you. The centaur completely misses you.
The centaur hits you with a +0 falchion.
* * * LOW HITPOINT WARNING * * *
The centaur kicks you but does no damage.
Your scale mail prevents you from hitting the centaur.
The centaur is heavily wounded.
You hit the centaur. The centaur closely misses you.
The centaur kicks you but does no damage.
The centaur hits you with a +0 falchion.
* * * LOW HITPOINT WARNING * * *
The centaur barely misses you.
The centaur hits you but does no damage.
You block the centaur's attack.
The centaur hits you with a +0 falchion!
* * * LOW HITPOINT WARNING * * *
You block the centaur's attack.
Unknown command.
It was a potion of curing.
You feel better.
The centaur hits you but does no damage.
The centaur kicks you but does no damage.
The centaur closely misses you. You block the centaur's attack.
It was a potion of mutation.
You feel extremely strange.
You feel resistant to poisons. Fur sprouts all over your body.
You feel less resistant to poisons. The centaur barely misses you.
You block the centaur's attack.
The centaur hits you but does no damage.
The centaur barely misses you. The centaur hits you.
* * * LOW HITPOINT WARNING * * *
The centaur kicks you but does no damage.
The centaur hits you with a +0 falchion.
* * * LOW HITPOINT WARNING * * *
You block the centaur's attack.
Okay, then.
It was a potion of berserk rage.
A red film seems to cover your vision as you go berserk!
You feel yourself moving faster!
You feel mighty! You block the centaur's attack. The centaur kicks you.
* * * LOW HITPOINT WARNING * * *
The centaur hits you with a +0 falchion!
You die...

##..............##.......
#.........##....#....##.
###..............[......
#####.............>....
###.##...................
#........................
###......................
##..##.##..............
#.##c@.##.........<)..
#..#.c##.#.............
#..... $............#.
##.#.# #.....†..[.<#.
#.## #...........## .
.............# #
...........###
............#.
.......##...(.


You could see 2 centaurs.

Vanquished Creatures
  An orc warrior (D:4)
  A necrophage (D:5)
  2 ogres
  A water moccasin skeleton (D:2)
  A centaur zombie (D:4)
  A bullfrog zombie (D:4)
  2 hounds (D:4)
  A jelly (D:4)
  A scorpion zombie (D:4)
  An orc wizard (D:4)
  5 hound zombies (D:4)
  6 adders
  A shadow imp (D:3)
  An ufetubus (D:5)
  2 adder skeletons (D:4)
  A dart slug (D:1)
  13 orcs
  3 ball pythons
  3 endoplasms
  8 giant cockroaches
  5 goblins
  3 hobgoblins
  A jackal (D:1)
  5 kobolds
  5 quokkas
  3 bats
  3 frilled lizards
  5 rats
85 creatures vanquished.

Vanquished Creatures (others)
  A fungus (D:3)
  5 plants
6 creatures vanquished.

Grand Total: 91 creatures vanquished

Notes
Turn   | Place    | Note
-------+----------+-------------------------------------------
     0 | D:1      | safid the Hill Orc Fighter began the quest for the Orb.
     0 | D:1      | Reached XP level 1. HP: 19/19 MP: 1/1
   137 | D:1      | Reached skill level 3 in Axes
   137 | D:1      | Reached XP level 2. HP: 25/27 MP: 2/2
   235 | D:1      | HP: 1/27 [poisoned by a goblin]
   728 | D:1      | Found a faded altar of an unknown god.
  1241 | D:2      | Reached XP level 3. HP: 17/33 MP: 3/3
  1241 | D:2      | Reached XP level 4. HP: 21/40 MP: 4/4
  1441 | D:2      | Reached skill level 4 in Axes
  2474 | D:3      | Found a sacrificial altar of Ru.
  2735 | D:3      | Reached XP level 5. HP: 46/46 MP: 5/5
  3586 | D:3      | Found a runed translucent gate.
  3586 | D:3      | Found a runed translucent gate.
  3586 | D:3      | Found a runed translucent gate.
  3588 | D:3      | Noticed a kobold brigand
  3588 | D:3      | Noticed Flarelocke's ghost (amateur HuFi)
  3764 | D:4      | Reached skill level 5 in Axes
  3764 | D:4      | Reached skill level 5 in Shields
  3825 | D:4      | Found a staircase to the Ecumenical Temple.
  3857 | Temple   | Entered the Ecumenical Temple
  3948 | D:4      | Reached XP level 6. HP: 52/52 MP: 6/6
  4049 | D:4      | Found an iron altar of Okawaru.
  4245 | D:4      | Reached skill level 6 in Axes
  4471 | D:4      | Reached XP level 7. HP: 7/59 MP: 7/7
  5145 | D:4      | Reached skill level 7 in Axes
  5728 | D:5      | Entered Level 5 of the Dungeon
  5728 | D:5      | Found a hide-covered altar of Uskayaw.
  5768 | D:5      | Reached skill level 8 in Axes
  6026 | D:5      | Gained mutation: Your system is resistant to poisons.
                  | (rPois) [potion of mutation]
  6026 | D:5      | Gained mutation: You are covered in fur. (AC +1) [potion of
                  | mutation]
  6026 | D:5      | Lost mutation: Your system is resistant to poisons. (rPois)
                  | [potion of mutation]
  6027 | D:5      | Slain by a centaur

Illustrated notes

Levels and vault maps discovered:
D:1:      roderic_octagonal_star, layout_basic, ebering_ecumenical_altar_box,
          st_stairs_11
D:2:      layout_loops_cross, serial_forest, infiniplex_forest_end_double,
          infiniplex_forest_clump_double, infiniplex_forest_fountain,
          infiniplex_forest_lined_2, infiniplex_forest_clump_diagonal,
          infiniplex_forest_side_room, infiniplex_forest_lined_corner,
          infiniplex_forest_pool, infiniplex_forest_lined_3,
          kennysheep_generic_room_11
D:3:      layout_loops_corners, nicolae_ru_sacrificial_ziggurat,
          gammafunk_ghost_nasty_kobolds, minmay_fractal_squares_diagonal_5
D:4:      layout_gridville, kennysheep_okawaru_gauntlet,
          minmay_temple_entry_trees, serial_undead, serial_undead_b,
          serial_undead_d, serial_undead_b, serial_undead_f
D:5:      layout_cave_pools, mainiacjoe_overflow_six_doors_small,
          mainiacjoe_overflow_tiny_flanked, minmay_manual_mares
Temple:   nicolae_temple_x_marks_the_god

Skill      XL: |  1  2  3  4  5  6  7 |
---------------+----------------------+-----
Axes           | 3 4 5 6 8 |  8.1
Fighting       | 4 |  4.0
Shields        | 4 5 6 7 |  7.2
Armour         | 4 |  4.0

Action                   |  1- 3 |  4- 6 |  7- 9 || total
-------------------------+-------+-------+-------++-------
Melee: War axe           |    50 |   199 |    82 ||   331
Throw: Dart              |       |     1 |    13 ||    14
  Use: Potion            |       |       |     3 ||     3
Armor: Scale mail        |    26 |   100 |    67 ||   193
Dodge: Dodged            |    13 |    76 |    44 ||   133
Block: Kite shield       |    28 |   123 |    77 ||   228
